SAAA
VERMONT LAKE MONSTERS @ PAWNEE PARKSNREC
08/17/2033
 
TOP OF THE 1ST
Vermont Lake Monsters batting - Pitching for Pawnee ParksNRec : RHP Hengkie Iriawan
Pitching: RHP Hengkie Iriawan
Batting: RHB José Vázquez 0-0: Foul Ball, location: 2F
0-1: Ball
1-1: Ground out 5-3 (Groundball, 5)
Batting: RHB Ricardo Téllez 0-0: Ball
1-0: Called Strike
1-1: Foul Ball, location: 2F
1-2: Foul Ball, location: 2F
1-2: Fly out, F8 (Line Drive, 8LXD)
Batting: LHB Manuel Núñez 0-0: Ball
1-0: Ball
2-0: Ball
3-0: Base on Balls
Batting: RHB Bobson Dugnutt 0-0: SINGLE (Flyball, 8RS)
Manuel Núñez to second
Runner from 2nd tries for 3rd, SAFE, throw made to third
Batting: RHB Ramón Soto 0-0: Called Strike
0-1: Ball
1-1: Ball
2-1: Ball
3-1: Fly out, F6 (Popup, 6M)
Top of the 1st over - 0 runs, 1 hit, 0 errors, 2 left on base; Vermont 0 - Pawnee 0
BOTTOM OF THE 1ST
Pawnee ParksNRec batting - Pitching for Vermont Lake Monsters : RHP Álex Bane
Pitching: RHP Álex Bane
Batting: LHB Ryan Marken 0-0: Ball
1-0: Ball
2-0: Called Strike
2-1: Ball
3-1: Foul Ball, location: 2F
3-2: Fly out, F7 (Flyball, 78S)
Batting: RHB Mike Lipide 0-0: Foul Ball, location: 2F
0-1: Foul Ball, location: 2F
0-2: Strikes out swinging
Batting: RHB Iván Rodríguez 0-0: Called Strike
0-1: Ball
1-1: Ball
2-1: Called Strike
2-2: Ball
3-2: Foul Ball, location: 2F
3-2: Strikes out swinging
Bottom of the 1st over - 0 runs, 0 hits, 0 errors, 0 left on base; Vermont 0 - Pawnee 0
TOP OF THE 2ND
Vermont Lake Monsters batting - Pitching for Pawnee ParksNRec : RHP Hengkie Iriawan
Batting: RHB Gabe Cain 0-0: SINGLE (Groundball, 56D)
Batting: RHB Hsi-men King 0-0: Ball
1-0: SINGLE (Groundball, 56S) (infield hit)
Gabe Cain to second
Batting: LHB Tullu Amaad 0-0: Ball
1-0: Called Strike
1-1: Fielders Choice at 2nd, 3-6 (Groundball, 3)
Gabe Cain to third
Batting: RHB Hou Kong 0-0: Ball
1-0: Swinging Strike
1-1: Called Strike
1-2: Ball
2-2: Ball
3-2: Strikes out swinging
Batting: RHB José Vázquez 0-0: Called Strike
0-1: Foul Ball, location: 2F
0-2: Ball
1-2: Foul Ball, location: 2F
1-2: DOUBLE (Flyball, 8RD)
Gabe Cain scores
Tullu Amaad to third
Runner from 3rd tries for Home, SAFE, no throw
Batting: RHB Ricardo Téllez 0-0: Fly out, F8 (Flyball, 78M)
Top of the 2nd over - 2 runs, 3 hits, 0 errors, 1 left on base; Vermont 2 - Pawnee 0
BOTTOM OF THE 2ND
Pawnee ParksNRec batting - Pitching for Vermont Lake Monsters : RHP Álex Bane
Batting: RHB Amon-Ra St. Brown 0-0: Called Strike
0-1: Fly out, F4 (Popup, 34)
Batting: RHB Chad Silander 0-0: Called Strike
0-1: SINGLE (Groundball, 4MD)
Batting: SHB Dave Gant 0-0: Ball
1-0: Ball
2-0: Called Strike
2-1: Called Strike
2-2: Ball
3-2: Base on Balls
Chad Silander to second
Batting: RHB Gustavo González 0-0: Called Strike
0-1: Fly out, F7 (Line Drive, 7)
Batting: RHB Roberto Maestas 0-0: SINGLE (Groundball, 5S) (infield hit)
Chad Silander to third
Dave Gant to second
Batting: RHB Ken Bone 0-0: Ball
1-0: Ball
2-0: Ball
3-0: Called Strike
3-1: Base on Balls
Chad Silander scores
Dave Gant to third
Roberto Maestas to second
Batting: LHB Ryan Marken 0-0: Ball
1-0: Ground out U3 (Groundball, 34)
Bottom of the 2nd over - 1 run, 2 hits, 0 errors, 3 left on base; Vermont 2 - Pawnee 1
TOP OF THE 3RD
Vermont Lake Monsters batting - Pitching for Pawnee ParksNRec : RHP Hengkie Iriawan
Batting: LHB Manuel Núñez 0-0: Called Strike
0-1: Fly out, F5 (Line Drive, 56)
Batting: RHB Bobson Dugnutt 0-0: Ball
1-0: Swinging Strike
1-1: Ball
2-1: Ground out 6-3 (Groundball, 6M)
Batting: RHB Ramón Soto 0-0: Ball
1-0: Foul Ball, location: 2F
1-1: Ground out 6-3 (Groundball, 6)
Top of the 3rd over - 0 runs, 0 hits, 0 errors, 0 left on base; Vermont 2 - Pawnee 1
BOTTOM OF THE 3RD
Pawnee ParksNRec batting - Pitching for Vermont Lake Monsters : RHP Álex Bane
Batting: RHB Mike Lipide 0-0: Ball
1-0: Fly out, F9 (Flyball, 89S)
Batting: RHB Iván Rodríguez 0-0: Swinging Strike
0-1: Called Strike
0-2: Ball
1-2: Strikes out swinging
Batting: RHB Amon-Ra St. Brown 0-0: Ball
1-0: SINGLE (Groundball, 56D)
Batting: RHB Chad Silander 0-0: Foul Ball, location: 2F
0-1: Ball
1-1: Ball
2-1: Ball
3-1: Fly out, F9 (Flyball, 89M)
Bottom of the 3rd over - 0 runs, 1 hit, 0 errors, 1 left on base; Vermont 2 - Pawnee 1
TOP OF THE 4TH
Vermont Lake Monsters batting - Pitching for Pawnee ParksNRec : RHP Hengkie Iriawan
Batting: RHB Gabe Cain 0-0: Called Strike
0-1: Ball
1-1: Foul Ball, location: 2F
1-2: Ball
2-2: Foul Ball, location: 2F
2-2: Strikes out swinging
Batting: RHB Hsi-men King 0-0: Foul Ball, location: 2F
0-1: Foul Ball, location: 2F
0-2: Ball
1-2: Fly out, F7 (Flyball, 78D)
Batting: LHB Tullu Amaad 0-0: Ball
1-0: Swinging Strike
1-1: Ball
2-1: Foul Ball, location: 2F
2-2: Foul Ball, location: 2F
2-2: Ball
3-2: Foul Ball, location: 2F
3-2: Base on Balls
Batting: RHB Hou Kong 0-0: Ball
1-0: Foul Ball, location: 2F
1-1: Foul Ball, location: 2F
1-2: SINGLE (Line Drive, 89S)
Tullu Amaad to second
Runner from 2nd tries for 3rd, SAFE, no throw
Batting: RHB José Vázquez 0-0: Ball
1-0: Ball
2-0: Swinging Strike
2-1: Ball
3-1: Called Strike
3-2: Base on Balls
Hou Kong to second
Batting: RHB Ricardo Téllez 0-0: Called Strike
0-1: Ball
1-1: Foul Ball, location: 2F
1-2: Foul Ball, location: 2F
1-2: Ground out 5-3 (Groundball, 56S)
Top of the 4th over - 0 runs, 1 hit, 0 errors, 3 left on base; Vermont 2 - Pawnee 1
BOTTOM OF THE 4TH
Pawnee ParksNRec batting - Pitching for Vermont Lake Monsters : RHP Álex Bane
Batting: SHB Dave Gant 0-0: Called Strike
0-1: Ball
1-1: Foul Ball, location: 2F
1-2: Ground out 6-3 (Groundball, 6M)
Batting: RHB Gustavo González 0-0: Called Strike
0-1: Ball
1-1: Ground out 6-3 (Groundball, 6S)
Batting: RHB Roberto Maestas 0-0: Ground out 1-3 (Groundball, 15S)
Bottom of the 4th over - 0 runs, 0 hits, 0 errors, 0 left on base; Vermont 2 - Pawnee 1
TOP OF THE 5TH
Vermont Lake Monsters batting - Pitching for Pawnee ParksNRec : RHP Hengkie Iriawan
Batting: LHB Manuel Núñez 0-0: Foul Ball, location: 2F
0-1: Ball
1-1: Called Strike
1-2: Ball
2-2: Fly out, F3 (Popup, 34)
Batting: RHB Bobson Dugnutt 0-0: SINGLE (Line Drive, 4D)
Batting: RHB Ramón Soto 0-0: Fly out, F9 (Flyball, 9S)
Batting: RHB Gabe Cain 0-0: Ball
1-0: Ground out 4-3 (Groundball, 4)
Top of the 5th over - 0 runs, 1 hit, 0 errors, 1 left on base; Vermont 2 - Pawnee 1
BOTTOM OF THE 5TH
Pawnee ParksNRec batting - Pitching for Vermont Lake Monsters : RHP Álex Bane
Batting: RHB Ken Bone 0-0: Ball
1-0: Foul Ball, location: 2F
1-1: Ground out 5-3 (Groundball, 56)
Batting: LHB Ryan Marken 0-0: Called Strike
0-1: Swinging Strike
0-2: Hit by Pitch
Batting: RHB Mike Lipide 0-0: Ball
1-0: Ball
2-0: Ball
Pickoff Throw by Catcher to First - Out!
3-0: Called Strike
3-1: Base on Balls
Batting: RHB Iván Rodríguez 0-0: Ground out 4-3 (Groundball, 34)
Bottom of the 5th over - 0 runs, 0 hits, 0 errors, 1 left on base; Vermont 2 - Pawnee 1
TOP OF THE 6TH
Vermont Lake Monsters batting - Pitching for Pawnee ParksNRec : RHP Hengkie Iriawan
Batting: RHB Hsi-men King 0-0: Called Strike
0-1: Ball
1-1: Foul Ball, location: 2F
1-2: Fly out, F6 (Line Drive, 6M)
Batting: LHB Tullu Amaad 0-0: Ball
1-0: Ball
2-0: Foul Ball, location: 2F
2-1: Ball
3-1: Called Strike
3-2: SINGLE (Groundball, 34D)
Batting: RHB Hou Kong 0-0: SINGLE (Groundball, 56D)
Tullu Amaad to second
Batting: RHB José Vázquez 0-0: Ball
1-0: Called Strike
1-1: Fly out, F7 (Flyball, 7LMF)
Batting: RHB Ricardo Téllez 0-0: Ball
1-0: Swinging Strike
1-1: Ball
2-1: Called Strike
2-2: Fielders Choice at 2nd, 5-4 (Groundball, 56)
Top of the 6th over - 0 runs, 2 hits, 0 errors, 2 left on base; Vermont 2 - Pawnee 1
BOTTOM OF THE 6TH
Pawnee ParksNRec batting - Pitching for Vermont Lake Monsters : RHP Álex Bane
Batting: RHB Amon-Ra St. Brown 0-0: Ground out 5-3 (Groundball, 56)
Batting: RHB Chad Silander 0-0: Called Strike
0-1: TRIPLE (Line Drive, 8RXD)
Batting: SHB Dave Gant 0-0: Ball
1-0: Ball
2-0: Called Strike
2-1: Ground out U3 (Groundball, 3L)
Batting: RHB Gustavo González 0-0: Called Strike
0-1: Swinging Strike
0-2: Ball
1-2: Ball
2-2: Strikes out swinging
Bottom of the 6th over - 0 runs, 1 hit, 0 errors, 1 left on base; Vermont 2 - Pawnee 1
TOP OF THE 7TH
Vermont Lake Monsters batting - Pitching for Pawnee ParksNRec : RHP Hengkie Iriawan
Pitching: LHP Pedro Pérez
Batting: LHB Manuel Núñez 0-0: Foul Ball, location: 2F
0-1: Ball
1-1: Foul Ball, location: 2F
1-2: TRIPLE (Flyball, 9D)
Batting: RHB Bobson Dugnutt 0-0: Ball
1-0: SINGLE (Line Drive, 7S)
Manuel Núñez scores
Batting: RHB Ramón Soto 0-0: Called Strike
0-1: Ball
1-1: Grounds into double play, 6-4-3 (Groundball, 6)
Batting: RHB Gabe Cain 0-0: Foul Ball, location: 2F
0-1: Ball
1-1: Ball
2-1: Ball
3-1: Foul Ball, location: 2F
3-2: Foul Ball, location: 2F
3-2: Foul Ball, location: 2F
3-2: Base on Balls
Batting: RHB Hsi-men King 0-0: Ball
Gabe Cain is caught stealing 2nd base
Top of the 7th over - 1 run, 2 hits, 0 errors, 0 left on base; Vermont 3 - Pawnee 1
BOTTOM OF THE 7TH
Pawnee ParksNRec batting - Pitching for Vermont Lake Monsters : RHP Álex Bane
Batting: RHB Roberto Maestas 0-0: Called Strike
0-1: Ball
1-1: Ball
2-1: TRIPLE (Line Drive, 89XD)
Batting: RHB Ken Bone 0-0: Ground out 4-3 (Groundball, 4)
Batting: LHB Ryan Marken 0-0: Foul Ball, location: 2F
0-1: Ball
1-1: Ball
2-1: Called Strike
2-2: Ball
3-2: Base on Balls
Batting: RHB Mike Lipide 0-0: Ball
1-0: Ball
2-0: SINGLE (Groundball, 56D)
Roberto Maestas scores
Ryan Marken to second
Batting: RHB Iván Rodríguez 0-0: Foul Ball, location: 2F
0-1: Called Strike
0-2: Ball
1-2: Ball
2-2: Ground out 5-3 (Groundball, 56S)
Ryan Marken to third
Mike Lipide to second
Batting: RHB Amon-Ra St. Brown 0-0: SINGLE (Groundball, 34D)
Ryan Marken scores
Mike Lipide to third
Runner from 3rd tries for Home, SAFE, no throw
Batting: RHB Chad Silander 0-0: Called Strike
0-1: Ball
1-1: 2-RUN HOME RUN (Line Drive, 78XD), Distance : 431 ft
Pitching: RHP Montrell Baxa
Batting: SHB Dave Gant 0-0: Ball
1-0: Called Strike
1-1: Ball
2-1: Called Strike
2-2: Strikes out swinging
Bottom of the 7th over - 5 runs, 4 hits, 0 errors, 0 left on base; Vermont 3 - Pawnee 6
TOP OF THE 8TH
Vermont Lake Monsters batting - Pitching for Pawnee ParksNRec : LHP Pedro Pérez
Batting: RHB Hsi-men King 0-0: Foul Ball, location: 2F
0-1: Swinging Strike
0-2: Ball
1-2: Ball
2-2: Ball
3-2: Ground out 6-3 (Groundball, 6)
Batting: LHB Tullu Amaad 0-0: Swinging Strike
0-1: Ball
1-1: Called Strike
1-2: DOUBLE (Line Drive, 9D)
Pinch Runner at 2nd Bertrand Pick:
Batting: RHB Hou Kong 0-0: Called Strike
0-1: Foul Ball, location: 2F
0-2: SINGLE (Flyball, 8RS)
Bertrand Pick to third
Batting: RHB José Vázquez 0-0: Called Strike
0-1: Ball
1-1: Ball
2-1: Ball
3-1: Called Strike
3-2: Fly out, F7 (Line Drive, 7LD)
Runner from 3rd tags up, SCORES, no throw
Pinch Runner at 1st Katsunan Taketo:
Batting: RHB Ricardo Téllez 0-0: Called Strike
0-1: Ball
1-1: Called Strike
1-2: Fielders Choice at 2nd, 6-4 (Groundball, 6)
Top of the 8th over - 1 run, 2 hits, 0 errors, 1 left on base; Vermont 4 - Pawnee 6
BOTTOM OF THE 8TH
Pawnee ParksNRec batting - Pitching for Vermont Lake Monsters : RHP Montrell Baxa
Pitching: RHP Pat Clement
Now at C: Bertrand Pick
Now in RF: Katsunan Taketo
Batting: RHB Gustavo González 0-0: Called Strike
0-1: Ball
1-1: Called Strike
1-2: Ground out 1-3 (Groundball, 13S)
Batting: RHB Roberto Maestas 0-0: Reached on error, E5 (Groundball, 56)
Batting: RHB Ken Bone 0-0: Ball
1-0: Grounds into double play, 4-6-3 (Groundball, 4)
Bottom of the 8th over - 0 runs, 0 hits, 1 error, 0 left on base; Vermont 4 - Pawnee 6
TOP OF THE 9TH
Vermont Lake Monsters batting - Pitching for Pawnee ParksNRec : LHP Pedro Pérez
Pitching: RHP Ángel Ruíz
Batting: LHB Manuel Núñez 0-0: Ball
1-0: Foul Ball, location: 2F
1-1: Foul Ball, location: 2F
1-2: Strikes out swinging
Batting: RHB Bobson Dugnutt 0-0: Called Strike
0-1: Foul Ball, location: 2F
0-2: Ball
1-2: Ball
2-2: Ball
3-2: Foul Ball, location: 2F
3-2: Strikes out swinging
Batting: RHB Ramón Soto 0-0: Ball
1-0: Fly out, F4 (Flyball, 34D)
Top of the 9th over - 0 runs, 0 hits, 0 errors, 0 left on base; Vermont 4 - Pawnee 6
Saturday, December 22nd, 2018 - OOTP Baseball 18.8 Build 76